 Dungeon Sprint DCSS version 0.29-a0-664-gff9cad4a3d (webtiles) character file.

Game seed: 894649991973505198

2872 blackman the Severer (level 10, -1/92 HPs)
             Began as a Human Berserker on June 23, 2022.
             Was a High Priest of Trog.
             Slain by a sixfirhy (2 damage)
             ... summoned by an orc high priest
             ... in the Dungeon (Sprint III: "The Ten Rune Challenge").
             The game lasted 00:09:37 (1389 turns).

blackman the Severer (Human Berserker)              Turns: 1389, Time: 00:09:38

Health: -1/92      AC:  3    Str: 22    XL:     10   Next: 5%
Magic:  10/10      EV: 16    Int:  5    God:    Trog [*****.]
Gold:   821        SH:  0    Dex: 13    Spells: 9/9 levels left

rFire   . . .      SeeInvis .   k - +7 battleaxe (vorpal)
rCold   . . .      Faith    .   (shield currently unavailable)
rNeg    . . .      Spirit   .   b - +0 animal skin
rPois   .          Reflect  .   (no helmet)
rElec   .          Harm     .   j - +0 cloak
rCorr   .          Rampage  .   (no gloves)
Will    .....      NoTele   +   (no boots)
Stlth   +.........              (no amulet)
HPRegen 0.25/turn               (no ring)
MPRegen 0.12/turn               (no ring)

@: unable to read
A: dopey 1, inability to read while threatened
a: Renounce Religion, Berserk, Trog's Hand, Brothers in Arms


You were in the Dungeon.
You worshipped Trog.
Trog was extremely pleased with you.
You visited 1 branch You collected 821 gold pieces.

Inventory:

Hand Weapons
 a - a +0 hand axe
 i - a +4 quarterstaff of chaos
 k - a +7 vorpal battleaxe (weapon)
Armour
 b - a +0 animal skin (worn)
 j - a +0 cloak (worn)
Wands
 e - a wand of quicksilver (1)
Scrolls
 h - a scroll of blinking
Potions
 c - a potion of curing
 f - 2 potions of magic
 g - a potion of berserk rage
 l - a potion of might
 n - 2 potions of flight


   Skills:
 - Level 13.2 Fighting
 * Level 15.3 Axes
 - Level 2.0 Armour
 * Level 10.0 Dodging


You had 9 spell levels left.
You didn't know any spells.
Your spell library was empty.

Dungeon Overview and Level Annotations

Branches:
Dungeon (1/1)

Altars:
Dithmenos
Okawaru
Ru
Trog
Uskayaw
Wu Jian
Yredelemnul
Beogh


Innate Abilities, Weirdness & Mutations

You are dopey. (Int -2)
You sometimes lose the ability to read scrolls when taking damage.


Message History

You have reached level 10!
You now have 821 gold pieces (gained 802).
Items here: )) [ ††.
You see here a +2 vorpal broad axe.
You start resting.
An orc high priest is nearby!
An orc high priest is nearby!
Okay, then.
Unknown command.
You feel much better.
The orc high priest shouts!
An orc comes into view. It is wielding a +0 trident.
The orc high priest hits you with a +0 battleaxe!
Items here: )) [ ††.
You slice the orc high priest!!
The orc high priest is heavily wounded.
The orc barely misses you.
The orc high priest says, "Right in the middle of my sermon, too."
The orc high priest mumbles some strange prayers to Beogh against you.
Beogh smites you!
You slash the orc high priest!
The orc high priest is almost dead.
The orc high priest mumbles some strange prayers to Beogh against you.
Beogh smites you! The orc barely misses you.
You hit the orc high priest.
The orc high priest is almost dead.
The orc high priest mumbles some strange prayers to Beogh.
The orc completely misses you.
You closely miss the orc high priest.
The orc high priest is almost dead.
The sixfirhy hits you.
* * * LOW HITPOINT WARNING * * *
The sixfirhy shocks you!
* * * LOW HITPOINT WARNING * * *
The sixfirhy hits you.
* * * LOW HITPOINT WARNING * * *
The sixfirhy shocks you!
* * * LOW HITPOINT WARNING * * *
The sixfirhy hits you.
You die...

▓▓▓▓▓▓▓▓ ▓▓▓ .'.....♣♣ ♣.#
*###### .#....♣.♣ ♣♣.#
___#__#$#$##$o ##....♣.♣ ♣..#,
__)#._#.$.ooo
.#....≈.♣♣♣..###+#'###o##$.o.o
.#...≈≈.♣.♣♣.#..).).)...#4o..
)#..≈≈≈≈♣..♣.'.⌠)o).)...#$$$
)#..≈≈≈≈≈≈♣♣.#.3o######'#oo*
.#.≈≈≈≈≈≈....#4⌠@#_
#...#o#####
.#.≈≈≈≈≈.....#..)#_
#...#..≈≈≈+ .#.≈≈≈.......#+###
#..o#.#§≈≈# ##...........#
_#..o).#@.§# ÷............#
+...#.#..§# ▓▓▓▓▓▓▓▓▓▓▓▓▓▓
▓▓▓▓▓▓▓▓▓▓▓ , ≈ ≈ ≈ , , ≈ *


You could see an orc high priest, an ice devil (summoned), a sixfirhy (summoned)
and an orc.

Vanquished Creatures
  Erica (D)
  An orc sorcerer (D)
  An orc knight (D)
  A shadow (D)
  A spatial vortex (D)
  A necrophage (D)
  A water elemental (D)
  A jelly (D)
  Crazy Yiuf (D)
  2 orc priests (D)
  Jessica (D)
  A necromancer (D)
  3 humans (D)
  7 orcs (D)
  2 endoplasms (D)
  A rat (D)
26 creatures vanquished.

Vanquished Creatures (collateral kills)
  An orc high priest (D)
  An orc wizard (D)
  2 orcs (D)
4 creatures vanquished.

Vanquished Creatures (others)
  2 plants (D)
2 creatures vanquished.

Grand Total: 32 creatures vanquished

Notes
Turn   | Place    | Note
-------+----------+-------------------------------------------
     0 | D        | blackman the Human Berserker began the quest for the Orb.
     0 | D        | Reached XP level 1. HP: 18/18 MP: 1/1
    10 | D        | Reached skill level 4 in Axes
    52 | D        | Noticed Jessica
    57 | D        | Killed Jessica
    57 | D        | Reached ** piety under Trog
    58 | D        | Reached skill level 6 in Axes
    58 | D        | Reached XP level 2. HP: 24/24 MP: 2/2
    58 | D        | Reached XP level 3. HP: 29/29 MP: 3/3
   122 | D        | Reached skill level 7 in Axes
   259 | D        | Noticed Crazy Yiuf
   274 | D        | Killed Crazy Yiuf
   275 | D        | Reached skill level 8 in Axes
   275 | D        | Reached XP level 4. HP: 35/35 MP: 0/4
   323 | D        | Noticed a water elemental
   346 | D        | Gained mutation: Your spells are a little easier to cast,
                  | but a little less powerful. [potion of mutation]
   347 | D        | Lost mutation: Your spells are a little easier to cast, but
                  | a little less powerful. [potion of mutation]
   347 | D        | Gained mutation: Your spells are a little easier to cast,
                  | but a little less powerful. [potion of mutation]
   347 | D        | Gained mutation: You tend to lose your temper in combat.
                  | [potion of mutation]
   347 | D        | Lost mutation: You tend to lose your temper in combat.
                  | [potion of mutation]
   348 | D        | Lost mutation: Your spells are a little easier to cast, but
                  | a little less powerful. [potion of mutation]
   348 | D        | Gained mutation: You are frail. (-10% HP) [potion of
                  | mutation]
   348 | D        | Gained mutation: You passively map a small area around you.
                  | [potion of mutation]
   349 | D        | Lost mutation: You are frail. (-10% HP) [potion of
                  | mutation]
   349 | D        | Lost mutation: You passively map a small area around you.
                  | [potion of mutation]
   349 | D        | Gained mutation: You are dopey. (Int -2) [potion of
                  | mutation]
   349 | D        | Gained mutation: You sometimes lose the ability to read
                  | scrolls when taking damage. [potion of mutation]
   409 | D        | Killed a water elemental
   410 | D        | Reached skill level 10 in Axes
   410 | D        | Reached XP level 5. HP: 13/41 MP: 5/5
   744 | D        | Found a basalt altar of Yredelemnul.
   744 | D        | Found a shadowy altar of Dithmenos.
   744 | D        | Found a sacrificial altar of Ru.
   750 | D        | Reached *** piety under Trog
   762 | D        | Reached skill level 12 in Axes
   762 | D        | Reached XP level 6. HP: 25/47 MP: 6/6
   957 | D        | Noticed a shadow
   968 | D        | Killed a shadow
   969 | D        | Reached XP level 7. HP: 51/61 MP: 7/7
   970 | D        | Reached **** piety under Trog
  1103 | D        | Noticed Erica
  1116 | D        | Killed Erica
  1117 | D        | Reached XP level 8. HP: 79/79 MP: 8/8
  1150 | D        | Noticed an orc sorcerer
  1150 | D        | Noticed an orc high priest
  1150 | D        | Noticed an orc knight
  1151 | D        | Noticed a rust devil
  1169 | D        | Found a hide-covered altar of Uskayaw.
  1169 | D        | Found a bloodstained altar of Trog.
  1169 | D        | Found an ornate altar of the Wu Jian Council.
  1169 | D        | Noticed a human
  1170 | D        | Noticed a human
  1170 | D        | Reached ***** piety under Trog
  1177 | D        | Killed a human
  1180 | D        | Killed a human
  1180 | D        | Received a gift from Trog
  1204 | D        | Found an iron altar of Okawaru.
  1213 | D        | Noticed a sun demon
  1218 | D        | Reached skill level 13 in Axes
  1218 | D        | Reached skill level 5 in Dodging
  1218 | D        | Noticed a red devil
  1219 | D        | Killed an orc high priest
  1220 | D        | Reached skill level 14 in Axes
  1220 | D        | Reached XP level 9. HP: 54/85 MP: 9/9
  1255 | D        | Killed an orc knight
  1269 | D        | Received a gift from Trog
  1378 | D        | Killed an orc sorcerer
  1378 | D        | Noticed an orc high priest
  1379 | D        | Reached skill level 15 in Axes
  1379 | D        | Reached skill level 10 in Dodging
  1379 | D        | Reached XP level 10. HP: 27/92 MP: 10/10
  1389 | D        | Noticed a sixfirhy
  1389 | D        | Noticed an ice devil
  1389 | D        | HP: 1/92 [sixfirhy[an orc high priest] (12)]
  1389 | D        | Slain by a sixfirhy

Illustrated notes

Levels and vault maps discovered:
D:        dungeon_sprint_mu [sprint_mu_entry_forest, sprint_mu_temple_rooms,
          sprint_mu_d1_horrors, sprint_mu_d2_genie, sprint_mu_d3_branching,
          sprint_mu_orc_legion, sprint_mu_elf_gauntlet, sprint_mu_hive_nellie,
          sprint_mu_lair_fedhas, sprint_mu_vaults_butterflies,
          sprint_mu_slime_circle, sprint_mu_swamp_cave, sprint_mu_shoals_kraken,
          sprint_mu_blade_basic, sprint_mu_crypt_chambers,
          sprint_mu_tomb_spiral, sprint_mu_vestibule_basic,
          sprint_mu_gehenna_hellfire, sprint_mu_dis_giant,
          sprint_mu_tartarus_statrot, sprint_mu_cocytus_islands, sprint_mu_zot1]

Skill      XL: |  1  2  3  4  5  6  7  8  9 |
---------------+----------------------------+-----
Axes           | 6 8 10 12 14 15 | 15.3
Fighting       | 7 13 | 13.2
Dodging        | 7 10 | 10.0
Armour         | |  2.0

Action                   |  1- 3 |  4- 6 |  7- 9 | 10-12 || total
-------------------------+-------+-------+-------+-------++-------
Melee: Hand axe          |    23 |    28 |    18 |       ||    69
       Battleaxe         |       |       |    17 |     4 ||    21
Invok: Berserk           |     3 |     2 |     3 |       ||     8
       Trog's Hand       |     1 |       |       |       ||     1
       Brothers in Arms  |       |       |     1 |       ||     1
Evoke: Wand              |       |       |     4 |       ||     4
  Use: Potion            |       |     6 |       |     1 ||     7
       Scroll            |       |       |     4 |       ||     4
 Stab: Distracted        |       |       |     1 |       ||     1
Armor: Animal skin       |     1 |     1 |     1 |       ||     3
Dodge: Dodged            |     8 |     6 |     8 |     3 ||    25

Table legend: (Time is in decaauts)
 A = Elapsed time spent in this place.
 B = Non-inter-level travel time spent in this place.
 C = Inter-level travel time spent in this place.
 D = Time resting spent in this place.
 E = Time spent auto-exploring this place.
 F = Levels seen in this place.
 G = Mean time per level.
                   A        B        C        D        E       F      G
               +--------+--------+--------+--------+--------+-----+--------+
         Total |   1449 |   1435 |     14 |    937 |    274 |   1 | 1449.0 |
       Dungeon |   1449 |   1435 |     14 |    937 |    274 |   1 | 1449.0 |
               +--------+--------+--------+--------+--------+-----+--------+

Top non-repeatable levels by time:
       D: 1449 daAuts
